Zazza, neutral female human Tourist ----- |...| ------------ |...| -------- |.>........| |...-#######|....>.| |....{...@..### |...| ##|......| |..........| # --|-- ##.......| |.........d| ### # #|....... |..........| # # |......| |..!.......| ###### # |......| ---|-------- # # -------- ### # # # ### # # # ### ----|-------- # |.....<.....| ##............. |...........| ------------- Zazza the Rambler Experience level: 1 Strength: 12 Dexterity: 12 Constitution: 15 Intelligence: 11 Wisdom: 7 Charisma: 18 Health: 0(7) Energy: 3(3) Def: 1 Gold: 791 Moves: 1656 Dungeon seed: J3G3o1hIxhgBCibk Game ID: Zazza_1600437745 Your Inventory: Coins $ - 791 gold pieces Weapons a - 25 +2 darts (in quiver) p - 2 +0 orcish daggers u - a cursed -2 elven bow x - a cursed -1 sling D - 2 +0 elven daggers (wielded) E - a +0 sling Armor e - an uncursed +0 Hawaiian shirt (being worn) q - an uncursed +0 orcish helm (being worn) r - an uncursed +0 leather jacket z - an uncursed +0 helmet N - an uncursed +0 orcish helm Y - an uncursed +0 dwarvish cloak Comestibles b - an uncursed orange f - 2 uncursed cram rations h - 6 uncursed food rations i - 2 uncursed eggs o - 2 uncursed carrots Scrolls k - 2 uncursed scrolls of magic mapping Potions j - an uncursed potion of extra healing t - an uncursed potion of oil Rings n - an uncursed ring of polymorph control B - an uncursed ring of shock resistance Tools l - an expensive camera (0:65) m - an uncursed credit card v - a bag of tricks (0:12) Gems y - an uncursed worthless piece of orange glass Spells and supernatural/magical abilities: Name Level Category Fail Memory W - pray for help -- divine ? -- Your skills at the end: Fighting Skills Weapon Skills dart [Basic] Spellcasting Skills Final Attributes: You were nominally aligned. You were confused. You were telepathic. You are dead. Vanquished creatures: a floating eye a homunculus a kobold lord 3 iguanas 4 hobbits 2 green molds 3 garter snakes a gnome zombie 2 geckos 4 jackals 3 foxes 3 goblins 4 sewer rats 3 grid bugs 4 lichens a newt 40 creatures vanquished. Voluntary challenges: You used a wielded weapon 6 times, starting on turn 113. You read items or engraved 3 times, starting on turn 159. You never genocided any monsters. You never polymorphed an object. You never changed form. You used no wishes. You never split a pudding. You never wrote Elbereth's name. You never violated your personal moral code. Dungeon overview: The Dungeons of Doom: levels 1 to 6 Level 1 an altar to The Lady a long staircase Level 2 Level 4 <- You were here a fountain a long staircase Level 5 Level 6 many fountains History has recorded: On T:1 you entered the Dungeons of Doom to retrieve the Amulet of Yendor! On T:361 you reached level 2 of The Dungeons of Doom. On T:488 you reached level 6 of The Dungeons of Doom. On T:1127 you reached level 5 of The Dungeons of Doom. On T:1531 you reached level 4 of The Dungeons of Doom. Score breakdown: Gold: 457 ( 9051 points) Experience: 1 level ( 0 points) Exploration: 6 levels ( 12.00%) ( 9583 points) Discoveries: 1 item ( 0.34%) ( 1737 points) Valuables value: (no points given unless you survive) Artifact value: 0 ( 0 points) Variety of kills: 16 monsters ( 4.20%) ( 6147 points) Turncount: 1656 turns ( 0 points) Survival: died (score multiplied by 80%) Total score: 21214 Latest messages: You stop. Your housecat is in the way! The door opens. The door resists! The door opens. $ - 52 gold pieces. You hear some noises. You stop. Your little dog is in the way! You displace your little dog. You displace your housecat. You see here a large box. Hmmm, it seems to be locked. You succeed in picking the lock. You trigger a trap! A tower of flame bursts from the large box! You stop picking the lock. Your tan spellbook catches fire and burns! One of your potions of extra healing boils and explodes! Your brilliant blue potion boils and explodes! You feel somewhat dizzy. (You can name a brilliant blue potion from the item naming menu.) You die... Final status: Aloha Zazza the Tourist, killed by a boiling potion... You died in The Dungeons of Doom on dungeon level 4 with 21214 points, and 791 pieces of gold, after 1656 moves. You were level 1 with a maximum of 7 hit points when you died.